AoeStats
← bone app the teeth

Pilgrims

509988636Analyzed
2v2 RM · 4d ago on Sep 28, 2026· 39m 1s· 4 players
Game mode
Random Map
Map size
Medium (4 player)
Population
200
Speed
Normal
Resources
Standard
Victory
Conquest
Starting age
Dark Age
Ending age
Imperial Age
RankedLock teamsTeams togetherTeam positionsShared explorationLock speedFull tech treeHidden civsTurbo modeCheats
Victory
Defeat
🇦🇷 Italians · Argentina
1147
+14
🇦🇷 Varangians · Argentina
1136
+14
🇺🇸 Italians · United States
1093
-14
🇺🇸 Persians · United States
1091
-14
Aluerad
7:23 Loom
12:34 Feudal Age
12:54 Double-Bit Axe
12:51 Horse Collar
16:26 Forging
19:57 Castle Age
18:33 Scale Barding Armor
19:31 Bloodlines
21:09 Husbandry
21:22 Gold Mining
21:36 Heavy Plow
21:56 Bow Saw
24:50 Iron Casting
25:24 Chain Barding Armor
27:10 Wheelbarrow
27:13 Gold Shaft Mining
27:40 Crossbowman
28:15 Fletching
28:25 Padded Archer Armor
29:33 Bodkin Arrow
29:55 Leather Archer Armor
29:52 Stone Mining
33:54 Kamandaran
34:53 Thumb Ring
35:36 Town Watch
38:14 Elite Skirmisher
41:51 Imperial Age
bone app the teeth
9:05 Loom
11:18 Feudal Age
12:10 Double-Bit Axe
12:21 Fishing Lines
17:12 Castle Age
15:04 Fletching
15:15 Padded Archer Armor
15:03 Horse Collar
17:38 Gold Mining
17:38 Stone Mining
18:41 Bow Saw
18:34 Heavy Plow
18:57 Medium Warships
20:48 Bloodlines
20:47 Scale Barding Armor
20:49 Bodkin Arrow
25:15 Leather Archer Armor
26:33 Silk Road
27:17 Ballistics
28:51 Wheelbarrow
34:17 Elite Skirmisher
35:02 Thumb Ring
35:59 Hand Cart
36:40 Masonry
39:29 Imperial Age
BIG TUCA
10:55 Feudal Age
10:13 Loom
11:35 Double-Bit Axe
16:40 Castle Age
15:07 Forging
14:54 Fishing Lines
15:16 Gold Mining
15:29 Stone Mining
17:46 Gillnets
18:06 Medium Warships
20:09 Fletching
20:55 Iron Casting
21:38 Bow Saw
24:16 Horse Collar
25:21 Scale Barding Armor
25:50 Bloodlines
30:38 Wheelbarrow
30:18 Bodkin Arrow
36:13 Imperial Age
37:04 Hand Cart
38:13 Murder Holes
tio huscarle
5:04 Loom
13:09 Feudal Age
15:17 Double-Bit Axe
18:12 Castle Age
16:06 Fishing Lines
16:17 Fletching
19:08 Medium Warships
19:02 Bodkin Arrow
19:21 Forging
20:01 Bow Saw
21:13 Gold Mining
21:58 Gillnets
23:27 Padded Archer Armor
23:19 Stone Mining
24:46 Wheelbarrow
24:36 Town Watch
25:53 Ballistics
26:52 Murder Holes
29:55 Imperial Age
28:16 Leather Archer Armor
28:39 Stone Shaft Mining
28:04 Treadmill Crane
30:21 Elite Genoese Crossbowman
31:02 Bracer
32:49 Ring Archer Armor
33:32 Elite Skirmisher
34:18 Thumb Ring
35:24 Chemistry
36:53 Light Cavalry
39:00 Hoardings
Connection lost

Rejoining the realm…

Still unreachable

The connection could not be restored.

Session expired

The server has moved on; the page needs a fresh start.